 Dungeon Crawl Stone Soup version 0.29.0-15-g675c0067aa (webtiles) character file.

Game seed: 911830868418480404

42 qw the Chopper (level 3, 0/23 HPs)
             Began as a Gargoyle Fighter on Sept 12, 2022.
             Slain by Sigmund
             ... wielding a +0 scythe
              (8 damage)
             ... on level 2 of the Dungeon.
             The game lasted 00:00:29 (1128 turns).

qw the Chopper (Gargoyle Fighter)                   Turns: 1128, Time: 00:00:29

Health: 0/23       AC: 10    Str: 21    XL:     3   Next: 56%
Magic:  3/3        EV:  9    Int:  8    God:
Gold:   83         SH:  4    Dex:  9    Spells: 2/2 levels left

rFire   . . .      SeeInvis .   Y - +1 war axe
rCold   . . .      Faith    .   c - +0 buckler
rNeg    + . .      Spirit   .   b - +0 scale mail
rPois   inf        Reflect  .   (no helmet)
rElec   +          Harm     .   (no cloak)
rCorr   .          Rampage  .   (no gloves)
Will    .....                   (no boots)
Stlth   ..........              (no amulet)
HPRegen 0.07/turn               (no ring)
MPRegen 0.08/turn               (no ring)

@: no status effects
A: sickness immunity, AC +3, negative energy resistance 1, electricity
resistance, torment resistance 1, petrification resistance
a: no special abilities


You were on level 2 of the Dungeon.
You visited 1 branch of the dungeon, and saw 2 of its levels.

You collected 83 gold pieces.


Innate Abilities, Weirdness & Mutations

You are immune to sickness and miasma.
Your stone body is resilient. (AC +3)
You are immune to poison.
You resist negative energy. (rN+)
You are resistant to electric shocks. (rElec)
You are resistant to unholy torment.
You are immune to petrification.


   Skills:
 - Level 3.2 Fighting
 + Level 3.5 Axes
 - Level 3.2 Armour
 - Level 3.2 Shields


You had 2 spell levels left.
You didn't know any spells.
Your spell library was empty.

Inventory:

Hand Weapons
 a - a +0 club
 Y - a +1 war axe (weapon)
Armour
 b - a +0 scale mail (worn)
 c - a +0 buckler (worn)
Jewellery
 k - a ring of fire
Scrolls
 f - a scroll of teleportation {unknown}
 i - a scroll of magic mapping {unknown}
Potions
 d - a potion of might
 e - a potion of attraction {unknown}
 g - 2 potions of heal wounds {unknown}
 h - 2 potions of curing {unknown}
 j - a potion of ambrosia {unknown}

Dungeon Overview and Level Annotations

Branches:
Dungeon (2/15)

Altars:

Annotations:
D:2 Sigmund


Message History

You are confused.
Enter note: You bump into the rock wall.
Sigmund closely misses you.
You bump into the rock wall.
Sigmund barely misses you.
You bump into the rock wall.
You bump into the rock wall.
Sigmund hits you but does no damage. Sigmund hits you but does no damage.
You bump into the rock wall.
You feel less confused.
You closely miss Sigmund. Sigmund gestures at you while chanting.
You resist with significant effort.
You closely miss Sigmund. Sigmund hits you with a +0 scythe.
You hit Sigmund.
Sigmund is lightly wounded.
Sigmund drinks a potion.
Sigmund seems to grow stronger.
Sigmund hits you but does no damage.
You hit Sigmund.
Sigmund is moderately wounded.
You barely miss Sigmund.
Sigmund is moderately wounded.
You block Sigmund's attack.
You hit Sigmund but do no damage.
Sigmund is moderately wounded.
Sigmund hits you with a +0 scythe!
Ouch! That really hurt!
You closely miss Sigmund.
Sigmund is moderately wounded.
You block Sigmund's attack.
You hit Sigmund but do no damage.
Sigmund is moderately wounded.
Sigmund hits you but does no damage.
You closely miss Sigmund.
Sigmund is moderately wounded.
Sigmund hits you with a +0 scythe!
You die...

#.##########
#..........#
#.########.# #.#
#.# #.# #.# #.# #.#
#.# #.#
#####.########.# .
#.....#.....@@.#
.###.....#.########
.........#
........##
...#.#### #
...#.#####.#
...%........
..##.....#.. .
#.....#


You could see Sigmund (strong).

Vanquished Creatures
  An adder (D:2)
  A worm (D:2)
  4 bats
  4 endoplasms
  2 goblins
  3 hobgoblins (D:2)
  2 jackals (D:1)
  4 kobolds
  3 quokkas (D:2)
  2 ball pythons (D:1)
  A frilled lizard (D:1)
  2 rats (D:2)
29 creatures vanquished.

Vanquished Creatures (others)
  7 toadstools (D:2)
7 creatures vanquished.

Grand Total: 36 creatures vanquished

Notes
Turn   | Place    | Note
-------+----------+-------------------------------------------
     0 | D:1      | qw the Gargoyle Fighter began the quest for the Orb.
     0 | D:1      | Reached XP level 1. HP: 14/14 MP: 1/1
     0 | D:1      | 0 ||| qw: Version: 0.1-a-119-g272c26d
     0 | D:1      | 0 ||| qw: Game counter: 10784
     0 | D:1      | 0 ||| qw: Always use a shield: true
     0 | D:1      | 0 ||| qw: God list: Okawaru
     0 | D:1      | 0 ||| qw: Allow faded altars: false
     0 | D:1      | 0 ||| qw: Do Orc after D:15 true
     0 | D:1      | 0 ||| qw: Do second Lair branch before Depths: true
     0 | D:1      | 0 ||| qw: Lair rune preference: random
     0 | D:1      | 0 ||| qw: Plans: Normal, Zot, God:TSO, Crypt, Tomb, Pan,
                  | Slime, Hells, Zig, Abyss, Orb
     0 | D:1      | 0 ||| PLANNING D:1-11
   446 | D:1      | Reached XP level 2. HP: 19/19 MP: 2/2
   653 | D:1      | 653 ||| READING scroll labelled AGGUYN YTWOMA.
   654 | D:1      | 654 ||| DRINKING 2 white potions.
   655 | D:1      | 655 ||| DROPPING potion of invisibility.
   686 | D:2      | 686 ||| Stepping ~*~*~tactically~*~*~ (stealth).
   752 | D:2      | Reached skill level 3 in Axes
   835 | D:2      | Reached XP level 3. HP: 19/23 MP: 3/3
  1113 | D:2      | Noticed Sigmund
  1128 | D:2      | Slain by Sigmund

Levels and vault maps discovered:
D:1:      lemuel_arrival_broad_hall, layout_loops_ring
D:2:      cheibrodos_fertilizer, layout_basic,
          shapermc_ecumenical_altar_rom_forum, uniq_sigmund

Skill      XL: |  1  2 |
---------------+-------+-----
Axes           | 2 3 |  3.5
Fighting       | |  3.2
Armour         | |  3.2
Shields        | |  3.2

Action                   || total
-------------------------++-------
Melee: War axe           ||   101
  Use: Scroll            ||     1
       Potion            ||     1
Armor: Scale mail        ||    50
Dodge: Dodged            ||    62
Block: Buckler           ||    24

Table legend:
 A = Non-vault XP
 B = Vault XP
 C = Vault XP percentage of total XP
 D = Non-vault monster count
 E = Vault monster count
 F = Vault count percentage of total count
                 A         B        C        D         E       F
            +---------+---------+-------+---------+---------+-------
      Total |      61 |       0 |   0.0 |      29 |       0 |   0.0
            +---------+---------+-------+---------+---------+-------
        D:1 |      16 |       0 |   0.0 |      10 |       0 |   0.0
        D:2 |      45 |       0 |   0.0 |      19 |       0 |   0.0
            +---------+---------+-------+---------+---------+-------
